 Dungeon Crawl Stone Soup version 0.31-a0-344-gd109795599 (webtiles) character file.

Game seed: 3574059575071795639

266 AdnanSaban the Covered (level 6, -2/38 HPs)
             Began as a Gargoyle Fighter on July 22, 2023.
             Slain by a gnoll
             ... wielding a +0 halberd
             ... led by a gnoll bouda
              (8 damage)
             ... on level 4 of the Dungeon.
             The game lasted 00:03:16 (3041 turns).

AdnanSaban the Covered (Gargoyle Fighter)           Turns: 3041, Time: 00:03:17

Health: -2/38      AC: 12    Str: 22    XL:     6   Next: 20%
Magic:  6/6        EV:  9    Int:  8    God:
Gold:   274        SH:  4    Dex:  9    Spells: 5/5 levels left

rFire   . . .        a - +0 flail
rCold   . . .        c - +0 buckler
rNeg    + . .        b - +0 scale mail
rPois   ∞            (no helmet)
rElec   +            (no cloak)
rCorr   .            (no gloves)
SInv    .            r - +0 pair of boots
Will    .....        (no amulet) Stlth
                     (no ring)
HPRegen 0.26/turn    (no ring)
MPRegen 0.10/turn

%: no passive effects
@: no status effects
A: sickness immunity, AC +4, negative energy resistance 1, electricity
resistance, torment resistance 1, petrification resistance
a: no special abilities


You were on level 4 of the Dungeon.
You visited 2 branches of the dungeon, and saw 6 of its levels.

You collected 274 gold pieces.

Inventory:

Hand Weapons
 a - a +0 flail (weapon)
Armour
 b - a +0 scale mail (worn)
 c - a +0 buckler (worn)
 r - a +0 pair of boots (worn)
Jewellery
 o - a +6 ring of intelligence
 s - a ring of protection from cold
 v - a +6 ring of strength
Scrolls
 e - 2 scrolls of enchant weapon {unknown}
 g - 3 scrolls of noise {unknown}
 i - a scroll of blinking {unknown}
 k - 2 scrolls of fear {unknown}
 l - 2 scrolls of immolation {unknown}
 m - 3 scrolls of teleportation {unknown}
 t - a scroll of amnesia {unknown}
 u - 2 scrolls of identify {unknown}
Potions
 d - a potion of might
 f - 5 potions of curing {unknown}
 h - 5 potions of brilliance {unknown}
 j - a potion of heal wounds {unknown}
 n - 2 potions of attraction {unknown}
 p - a potion of enlightenment {unknown}
 q - 2 potions of degeneration {unknown}
 w - a potion of haste {unknown}


   Skills:
 + Level 4.2 Fighting
 + Level 4.3 Maces & Flails
 + Level 4.4 Armour
 + Level 1.0 Dodging
 + Level 4.0 Shields


You had 5 spell levels left.
You didn't know any spells.
Your spell library contained the following spells:

 Spells                   Type           Power      Damage    Failure   Level
 Sandblast                Erth           0%         2d4       80%         1
 Summon Small Mammal      Summ           0%         N/A       80%         1
 Passwall                 Tmut/Erth      0%         N/A       90%         2
 Call Canine Familiar     Summ           0%         N/A       99%         3
 Frozen Ramparts          Ice            0%         1d1       99%         3
 Stone Arrow              Conj/Erth      0%         3d7       99%         3
 Summon Guardian Golem    Hex/Summ       0%         N/A       99%         3
 Animate Armour           Summ/Erth      0%         N/A       100%        4
 Petrify                  Tmut/Erth      0%         N/A       100%        4
 Metabolic Englaciation   Hex/Ice        0%         N/A       100%        5
 Lehudib's Crystal Spear  Conj/Erth      0%         10d2      100%        8


Dungeon Overview and Level Annotations

Branches:
Dungeon (5/15)             Temple (1/1) D:4

Altars:
Ashenzari
Fedhas
Hepliaklqana
Kikubaaqudgha
Makhleb
Nemelex Xobeh
Qazlal
Vehumet
Xom
Yredelemnul
The Shining One

Shops:
D:1 =   D:4 (


Innate Abilities, Weirdness & Mutations

You are immune to sickness and miasma.
Your stone body is resilient. (AC +4)
You are immune to poison.
You resist negative energy. (rN+)
You are resistant to electric shocks. (rElec)
You are resistant to unholy torment.
You are immune to petrification.


Message History

The gnoll bouda barks out a call to the hunt!
The gnolls pick up the pace!
There is a stone staircase leading up here.
The gnoll closely misses you. x2
The gnoll hits you with a +2 flail of draining.
The gnoll bouda gazes fiercely through you!
You feel your attacks grow feeble.
You climb upwards.
There is a stone staircase leading down here.
The gnoll attacks as you move away! The gnoll barely misses you.
The gnoll is no longer moving quickly.
The gnoll hits you from afar with a +0 spear.
The gnoll barely misses you.
The gnoll hits you from afar with a +0 halberd!
The gnoll barely misses you. The gnoll closely misses you.
The gnoll attacks as you move away! The gnoll hits you but does no damage.
Your attacks no longer feel as feeble.
You block the gnoll's attack. The gnoll hits you but does no damage.
You closely miss the gnoll. You block the gnoll's attack. x2
You sock the gnoll!
You kill the gnoll!
The gnoll hits you from afar with a +0 spear.
The gnoll hits you from afar with a +0 halberd!
You are too injured to fight recklessly!
The gnoll barely misses you. The gnoll hits you with a +0 halberd!
* * * LOW HITPOINT WARNING * * *
You closely miss the gnoll. The gnoll hits you with a +0 spear.
* * * LOW HITPOINT WARNING * * *
The gnoll hits you with a +0 halberd.
* * * LOW HITPOINT WARNING * * *
You hit the gnoll but do no damage. The gnoll barely misses you. x2
You block the gnoll's attack.
You hit the gnoll.
The gnoll is lightly wounded.
The gnoll closely misses you. The gnoll barely misses you.
You sock the gnoll!
You kill the gnoll!
The gnoll hits you with a +0 halberd!
You die...

############.##....)...
#............###.#.#.#.
#............##........
#..>.........###.#.#.#.
#............##........
###..###########.#.#.#< #...##
######.. #.#)g## ### ##.##@)#
##.♣♣♣♣.# #.♣...♣♣#############
♣♣.♣.♣.♣♣...........###
#♣♣÷♣.♣♣♣.♣♣)............
#...♣...♣♣.♣#########.###
#♣♣.♣._.♣.....# #.# #
##♣.♣♣...♣♣.♣#.##### #◎###
#######....♣.♣♣...♣......###.#..


You could see a gnoll.

Vanquished Creatures
  A scorpion (D:4)
  A hound (D:4)
  A scorpion zombie (D:4)
  A hound zombie (D:4)
  3 gnolls (D:4)
  4 adders
  2 adder zombies (D:4)
  A worm (D:3)
  3 dart slugs
  An orc (D:4)
  4 bats
  An endoplasm (D:3)
  3 giant cockroaches
  7 goblins
  9 hobgoblins
  6 jackals
  9 kobolds
  4 quokkas
  6 ball pythons
  2 frilled lizards
  5 rats
74 creatures vanquished.

Notes
Turn   | Place    | Note
-------+----------+-------------------------------------------
     0 | D:1      | AdnanSaban the Gargoyle Fighter began the quest for the
                  | Orb.
     0 | D:1      | Reached XP level 1. HP: 14/14 MP: 1/1
   246 | D:1      | Reached XP level 2. HP: 19/19 MP: 2/2
   383 | D:1      | Found Genunn's Jewellery Shop.
   684 | D:2      | Reached XP level 3. HP: 22/23 MP: 3/3
   898 | D:2      | Found a faded altar of an unknown god.
  1006 | D:2      | Reached XP level 4. HP: 29/29 MP: 4/4
  1695 | D:3      | Found a sparkling altar of Nemelex Xobeh.
  2054 | D:3      | Found a burning altar of Makhleb.
  2119 | D:4      | Reached XP level 5. HP: 26/33 MP: 5/5
  2203 | D:4      | Found a basalt altar of Yredelemnul.
  2436 | D:4      | Found a stormy altar of Qazlal.
  2563 | D:4      | Found Ociagruo's Antique Weapon Shop.
  2583 | D:4      | Reached skill level 1 in Dodging
  2583 | D:4      | Reached XP level 6. HP: 38/38 MP: 6/6
  2656 | D:4      | Found a staircase to the Ecumenical Temple.
  2661 | Temple   | Entered the Ecumenical Temple
  2677 | D:4      | Found a broken altar of Ashenzari.
  2681 | D:4      | Saw a vision of the Shoals and the Snake Pit.
  2681 | D:4      | Noticed a manticore
  2681 | D:4      | Noticed a manticore
  2681 | D:4      | Noticed a shock serpent
  2681 | D:4      | Noticed a mana viper
  2681 | D:4      | Noticed a mana viper
  2681 | D:4      | Noticed a mana viper
  2681 | D:4      | Noticed a naga warrior
  2681 | D:4      | Noticed a naga
  2681 | D:4      | Noticed a mana viper
  2681 | D:4      | Noticed a naga
  2681 | D:4      | Noticed a salamander
  2682 | D:4      | Noticed a merfolk impaler
  2682 | D:4      | Noticed a water elemental
  2683 | D:4      | Noticed a water elemental
  2829 | D:5      | Entered Level 5 of the Dungeon
  3041 | D:4      | Slain by a gnoll

Illustrated notes

Levels and vault maps discovered:
D:1:      saegor_arrival_simple_c, layout_loops_ring, serial_shops, shop
D:2:      layout_rooms, chequers_ecumenical_altar_simple_redux
D:3:      layout_basic, nicolae_overflow_hidden_temple,
          mainiacjoe_overflow_surrounded_room
D:4:      layout_basic, grunt_ashenzari_visionary
          [grunt_ashenzari_visionary_shoals, grunt_ashenzari_visionary_snake],
          nicolae_yredelemnul_corpse_copse, lemuel_coloured_pillars_altar,
          temple_doors_cd, serial_shops, shop, st_stairs_9
D:5:      layout_rooms, interstate_on_off, hangedman_minor_gate_pass
Temple:   nicolae_temple_two_arcs

Skill      XL: |  1  2  3  4  5 |
---------------+----------------+-----
Maces & Flails | 3 4 |  4.3
Armour         | 4 |  4.4
Fighting       | 4 |  4.2
Dodging        | 1 |  1.0
Shields        | 4 |  4.0

Action                     |  1- 3 |  4- 6 || total
---------------------------+-------+-------++-------
  Melee: Flail             |   102 |   161 ||   263
 Armour: Scale mail        |    70 |    90 ||   160
  Dodge: Dodged            |    66 |    86 ||   152
  Block: Buckler           |    23 |    47 ||    70

Table legend: (Time is in decaauts)
 A = Elapsed time spent in this place.
 B = Non-inter-level travel time spent in this place.
 C = Inter-level travel time spent in this place.
 D = Time resting spent in this place.
 E = Time spent auto-exploring this place.
 F = Levels seen in this place.
 G = Mean time per level.
                   A        B        C        D        E       F      G
               +--------+--------+--------+--------+--------+-----+--------+
         Total |   3114 |   3043 |     71 |      0 |   2418 |   6 |  519.0 |
       Dungeon |   3112 |   3041 |     71 |      0 |   2418 |   5 |  622.4 |
        Temple |      1 |      1 |      0 |      0 |      0 |   1 |    1.0 |
               +--------+--------+--------+--------+--------+-----+--------+

Top non-repeatable levels by time:
     D:3: 911 daAuts
     D:4: 789 daAuts
     D:1: 697 daAuts
     D:2: 515 daAuts
     D:5: 198 daAuts
  Temple: 1 daAuts
